 Dungeon Crawl Stone Soup version 0.16-a0-188-gb1ccc74 (webtiles) character file.

2835 tedric the Carver (level 9, -1/68 HPs)
             Began as a Vampire Fighter on Oct 17, 2014.
             Was a Priest of Okawaru.
             Slain by a yak (8 damage)
             ... on Level 9 of the Dungeon.
             The game lasted 00:12:52 (3006 turns).

tedric the Carver (Vampire Fighter)                 Turns: 3006, Time: 00:12:52

HP  -1/68        AC  0     Str 26      XL: 9   Next: 22%
MP  18/20        EV 17     Int 14      God: Okawaru [***...]
Gold 206         SH  0     Dex 29      Spells:  0 memorised,  8 levels left

rFire  . . .     SeeInvis +     a - melded +0 long sword
rCold  . . .     Clarity  .     t - melded +0 chain mail
rNeg   + + +     rCorr    .     c - melded +0 shield
rPois  +         rRot     +     d - melded +0 helmet
rElec  .         Spirit   .     (cloak currently unavailable)
SustAb .         Warding  .     i - melded +0 pair of gloves
rMut   .         Stasis   .     (boots currently unavailable)
Gourm  .                        (no amulet)
MR     +....                    (ring currently unavailable)
                                (ring currently unavailable)

@: bat-form, flying, regenerating very quickly, very quick, somewhat resistant
to hostile enchantments, unstealthy
A: bottle blood, (fangs 0), see invisible, (cold resistance 0), fast metabolism
1, negative energy resistance 3, (poison resistance), regeneration 1, torment
resistance, (unbreathing)
a: Bottle Blood, End Transformation, Heroism, Renounce Religion


You were on level 9 of the Dungeon.
You worshipped Okawaru.
Okawaru was most pleased with you.
You were almost alive.
You were in vampire bat-form.
You visited 2 branches of the dungeon, and saw 10 of its levels.

You collected 206 gold pieces.

Inventory:

Hand weapons
 a - a +0 long sword (melded)
Missiles
 l - 5 throwing nets (quivered)
Armour
 c - a +0 shield (melded)
 d - a +0 helmet (melded)
 i - a +0 pair of gloves (melded)
 t - a +0 chain mail (melded)
Magical devices
 n - a wand of paralysis (13)
 r - a wand of digging (3)
Scrolls
 g - 2 scrolls of identify {unknown}
 h - 2 scrolls of remove curse
 k - 2 scrolls of recharging {unknown}
 p - 2 scrolls of enchant weapon {unknown}
 q - 2 scrolls of enchant armour {unknown}
 s - 3 scrolls of noise {unknown}
Jewellery
 f - an uncursed ring of teleportation
Potions
 e - a potion of blood
 m - a potion of heal wounds {unknown}
 o - a potion of mutation {unknown}


   Skills:
 - Level 2.6 Fighting
 + Level 12.0 Long Blades
 - Level 2.6 Armour
 - Level 2.6 Shields
 * Level 6.2 Invocations


You had 8 spell levels left.
You didn't know any spells.

Dungeon Overview and Level Annotations

Branches:
Dungeon (9/15)             Temple (1/1) D:6
    Orc: D:9-12        Lair: D:8-11

Altars:
Ashenzari
Cheibriados
Dithmenos
Fedhas
Kikubaaqudgha
Okawaru
Vehumet


Innate Abilities, Weirdness & Mutations

Your natural rate of healing is extremely fast.
You can bottle blood from corpses.
((You have razor-sharp teeth.))
You have supernaturally acute eyesight.
((Your flesh is cold resistant.))
You have a fast metabolism.
You are immune to negative energy.
((Your system is resistant to poisons.))
Your natural rate of healing is unusually fast.
You are immune to unholy pain and torment.
((You can survive without breathing.))


Message History

You hit the yak but do no damage.
The yak is heavily wounded.
The yak gores you.
* * * LOW HITPOINT WARNING * * *
You hit the yak.
The yak is heavily wounded.
The yak gores you but does no damage.
You hit the yak.
The yak is severely wounded.
The yak gores you.
* * * LOW HITPOINT WARNING * * *
Use which ability? (? or * to list)
You turn into a vampire bat.
Your +0 long sword melds into your body.
Your +0 helmet melds into your body.
Your +0 pair of gloves melds into your body.
Your +0 shield melds into your body.
Your +0 chain mail melds into your body.
The yak gores you!
You die...

#.# ### #.# ..#
#.#######.#
#.#.....#.#
#.#####.#.###.#.#
................<#
#.######.......##
#>..............
#b###....[..####
#Y# ##+######
#....aYY#
#.....h.#
#...$....
#.......##
......... ......=.
........


You could see 3 yaks, a hound and a worker ant.

Vanquished Creatures
  3 yaks (D:9)
  Eustachio (D:7)
  A hippogriff (D:9)
  A hungry ghost (D:7)
  A sky beast (D:7)
  An orc warrior (D:6)
  3 ogres
  A phantom (D:9)
  2 centaurs
  A big kobold (D:7)
  A giant frog (D:6)
  A water moccasin skeleton (D:8)
  6 killer bees (D:9)
  A goliath beetle (D:6)
  3 gnoll shamans (D:4)
  2 orc priests
  A hound (D:6)
  An iguana (D:4)
  A worker ant (D:6)
  2 orc wizards
  38 gnolls
  6 adders
  A shadow imp (D:5)
  2 worms
  18 orcs
  7 bats
  A bat zombie (D:7)
  2 giant cockroaches
  3 hobgoblins
  17 jackals
  5 quokkas
  3 ball pythons
  3 giant geckos
  2 giant newts
  5 goblins
  16 kobolds
  2 quokka zombies
  10 rats
175 creatures vanquished.

Notes
Turn   | Place    | Note
--------------------------------------------------------------
     0 | D:1      | tedric, the Vampire Fighter, began the quest for the Orb.
     0 | D:1      | Reached XP level 1. HP: 18/18 MP: 1/1
   221 | D:2      | Reached skill level 3 in Long Blades
   221 | D:2      | Reached XP level 2. HP: 25/25 MP: 3/3
   478 | D:3      | Reached skill level 4 in Long Blades
   478 | D:3      | Reached XP level 3. HP: 18/30 MP: 4/4
   571 | D:2      | Found a radiant altar of Vehumet.
   571 | D:2      | Found a snail-covered altar of Cheibriados.
  1013 | D:5      | Entered Level 5 of the Dungeon
  1025 | D:5      | Noticed a centaur
  1026 | D:5      | Killed a centaur
  1026 | D:5      | Reached skill level 5 in Long Blades
  1026 | D:5      | Reached XP level 4. HP: 29/37 MP: 5/5
  1044 | D:5      | Reached skill level 6 in Long Blades
  1046 | D:5      | Reached XP level 5. HP: 39/42 MP: 7/7
  1083 | D:6      | Noticed an orc warrior
  1108 | D:6      | Killed an orc warrior
  1108 | D:6      | Reached skill level 7 in Long Blades
  1108 | D:6      | Reached XP level 6. HP: 9/50 MP: 8/8
  1157 | D:6      | Found a staircase to the Ecumenical Temple.
  1204 | Temple   | Entered the Ecumenical Temple
  1208 | Temple   | Became a worshipper of Warmaster Okawaru
  1268 | D:6      | Noticed an ogre
  1300 | D:6      | Killed an ogre
  1300 | D:6      | Reached skill level 8 in Long Blades
  1359 | D:6      | Noticed an ogre
  1549 | D:4      | Acquired Okawaru's first power
  1549 | D:4      | Reached XP level 7. HP: 41/56 MP: 9/9
  1581 | D:4      | Reached skill level 9 in Long Blades
  2194 | D:4      | Noticed an ogre
  2222 | D:4      | Killed an ogre
  2222 | D:4      | Reached skill level 10 in Long Blades
  2535 | D:4      | Reached skill level 11 in Long Blades
  2535 | D:4      | Reached XP level 8. HP: 38/62 MP: 11/11
  2679 | D:7      | Noticed Eustachio
  2689 | D:7      | Killed Eustachio
  2689 | D:7      | Reached skill level 1 in Invocations
  2961 | D:9      | Reached skill level 5 in Invocations
  2976 | D:9      | Reached XP level 9. HP: 38/68 MP: 19/19
  2999 | D:9      | Reached skill level 12 in Long Blades
  3006 | D:9      | Slain by a yak

Action                   |  1- 3 |  4- 6 |  7- 9 || total
-------------------------+-------+-------+-------++-------
Melee: Long sword        |    80 |   130 |   326 ||   536
Invok: Heroism           |       |       |     1 ||     1
 Abil: Bottle Blood      |       |     1 |       ||     1
       Bat Form          |       |       |     1 ||     1
Evoke: Wand              |       |       |     4 ||     4
  Use: Scroll            |     1 |     5 |       ||     6
       Potion            |       |     1 |     1 ||     2
 Stab: Paralysed         |       |       |     7 ||     7
